 Seeded DCSS version 0.32-a0-411-g744942f433 (webtiles) character file.

Game seed: 9488276093134209384 (custom seed)

360584 CougarLife the Metallomancer (level 22, -1/147 HPs)
             Began as a Gargoyle Earth Elementalist on Feb 21, 2024.
             Was an Initiate of Gozag.
             Killed from afar by a black draconian knight (17 damage)
             ... with a shard of ice
             ... on level 4 of the Depths on Feb 23, 2024.
             The game lasted 03:16:51 (75484 turns).

CougarLife the Metallomancer (GrEE)                Turns: 75484, Time: 03:16:51

Health: -1/147     AC: 33    Str: 12 (13) XL:     22   Next: 43%
Magic:  5/45       EV: 11    Int: 32      God:    Gozag
Gold:   4549       SH:  0    Dex: 16      Spells: 32/59 levels left

rFire   + . .        s - +6 shillelagh "Devastator" {shatter}
rCold   + . .        (no shield)
rNeg    + . .        Q - +3 leather armour {Will+}
rPois   ∞            O - +1 helmet of Youthful Indiscretion {Will+ Dex+4}
rElec   +            R - scarf {rC+ rF+}
rCorr   .            S - +2 pair of gloves
SInv    +            J - +1 pair of boots
Will    +++..        N - amulet of magic regeneration
Stlth   ++           b - ring of the Omega Point {Int+6 Dex+2 SInv}
HPRegen 0.44/turn    H - +4 ring of protection
MPRegen 0.69/turn

%: no passive effects
@: flying
A: sickness immunity, AC +16, big wings, negative energy resistance 1,
electricity resistance, torment resistance 1, petrification resistance,
deterioration 1
}: 2/15 runes: serpentine, barnacled
a: Renounce Religion, Potion Petition, Call Merchant, Bribe Branch


You were on level 4 of the Depths.
You worshipped Gozag.
Gozag was most pleased with you.
You visited 8 branches of the dungeon, and saw 37 of its levels.
You also visited: Sewer and Ice Cave.

You collected 18724 gold pieces.
You spent 5343 gold pieces at shops.
You paid 8832 gold pieces to Gozag.

Inventory:

Hand Weapons
 s - the +6 shillelagh "Devastator" (weapon) {shatter}
   (You found it on level 4 of the Dungeon)
Missiles
 q - 4 throwing nets
Armour
 J - a +1 pair of boots (worn)
 O - the +1 helmet of Youthful Indiscretion (worn) {Will+ Dex+4}
   (You found it on level 12 of the Dungeon)

   Dex+4:     It affects your dexterity (+4).
   Will+:     It increases your willpower.
 Q - a +3 leather armour of willpower (worn)
 R - a scarf of resistance (worn)
 S - a +2 pair of gloves (worn)
 V - a +3 leather armour of resistance
Jewellery
 a - a ring of resist corrosion
 b - the ring of the Omega Point (left hand) {Int+6 Dex+2 SInv}
   (You bought it in a shop on level 15 of the Dungeon)

   [ring of intelligence]

   Int+6:     It affects your intelligence (+6).
   Dex+2:     It affects your dexterity (+2).
   SInv:      It lets you see invisible.
 g - the ring "Biczaowea" {rC+ Str-2 Dex+3}
   (You acquired it on level 3 of the Lair of Beasts)

   [ring of protection from cold]

   Str-2:     It affects your strength (-2).
   Dex+3:     It affects your dexterity (+3).
   rC+:       It protects you from cold.
 w - a ring of willpower
 B - the ring "Tecukham" {rF+ Str-4 SInv Stlth+}
   (You acquired it on level 3 of the Lair of Beasts)

   [ring of protection from fire]

   Str-4:     It affects your strength (-4).
   rF+:       It protects you from fire.
   SInv:      It lets you see invisible.
   Stlth+:    It makes you more stealthy.
 H - a +4 ring of protection (right hand)
 N - an amulet of magic regeneration (around neck)
 P - a ring of positive energy
Wands
 u - a wand of roots (32)
 D - a wand of light (22)
 W - a wand of polymorph (15)
 X - a wand of digging (3)
Scrolls
 c - 6 scrolls of torment
 e - 8 scrolls of revelation
 f - 19 scrolls of teleportation
 k - 13 scrolls of amnesia
 r - 9 scrolls of noise
 t - 5 scrolls of blinking
 v - 7 scrolls of immolation
 x - 4 scrolls of enchant armour
 y - 3 scrolls of fog
 A - 3 scrolls of poison
 C - 3 scrolls of silence
 G - 9 scrolls of fear
 M - a scroll of butterflies
 U - 4 scrolls of vulnerability
Potions
 d - 4 potions of might
 h - 4 potions of enlightenment
 i - 3 potions of attraction
 j - 4 potions of berserk rage
 l - 16 potions of curing
 n - 5 potions of haste
 o - a potion of resistance {unknown}
 p - 8 potions of mutation
 z - 6 potions of brilliance
 F - 9 potions of ambrosia
 K - 3 potions of invisibility
 L - 3 potions of cancellation
 T - 2 potions of lignification


   Skills:
 + Level 18.3 Fighting
 - Level 1.5 Dodging
 - Level 2.1 Stealth
 + Level 19.1 Spellcasting
 - Level 19.1 Conjurations
 * Level 16.3 Fire Magic
 - Level 5.1 Air Magic
 + Level 21.4 Earth Magic


You had 32 spell levels left.
You knew the following spells:

 Your Spells              Type           Power      Damage    Failure   Level
a - Sandblast             Erth           100%       2d20      0%          1
b - Stone Arrow           Conj/Erth      100%       3d13      0%          3
c - Lee's Rapid Deconstr  Erth           53%        3d25*     0%          5
d - Freezing Cloud        Conj/Ice/Air   35%        6-21      1%          5
e - Irradiate             Conj/Alch      37%        3d24      1%          5
f - Lehudib's Crystal Sp  Conj/Erth      51%        10d12     2%          8

Your spell library contained the following spells:

 Spells                   Type           Power      Damage    Failure   Level
 Magic Dart               Conj           100%       1d8       0%          1
 Scorch                   Fire           100%       2d9       0%          2
 Static Discharge         Conj/Air       100%       3-8/arc   0%          2
 Passwall                 Erth           100%       N/A       0%          3
 Brom's Barrelling Bould  Conj/Erth      100%       2d11      0%          4
 Flame Wave               Conj/Fire      97%        2d20      0%          4
 Inner Flame              Hex/Fire       70%        N/A       1%          3
 Swiftness                Air            59%        N/A       1%          3
 Volatile Blastmotes      Fire/Tloc      100%       2d18      1%          3
 Airstrike                Air            29%        2d(5-21)  1%          4
 Animate Armour           Summ/Erth      100%       N/A       1%          4
 Ignite Poison            Fire/Alch      70%        N/A       1%          4
 Iskenderun's Mystic Bla  Conj/Tloc      75%        2d15      1%          4
 Petrify                  Alch/Erth      78%        N/A       1%          4
 Sticky Flame             Fire/Alch      70%        2d11      1%          4
 Summon Blazeheart Golem  Fire/Summ      70%        N/A       1%          4
 Blink                    Tloc           60%        N/A       2%          2
 Call Imp                 Summ           60%        N/A       2%          2
 Ensorcelled Hibernation  Hex/Ice        60%        N/A       2%          2
 Summon Lightning Spire   Summ/Air       47%        N/A       5%          4
 Ignition                 Fire           47%        3d13      12%         8
 Anguish                  Hex/Necr       15%        N/A       16%         4
 Cause Fear               Hex            15%        N/A       16%         4
 Passage of Golubria      Tloc           30%        N/A       16%         4
 Shatter                  Erth           53%        3d40*     22%         9
 Summon Cactus Giant      Summ           15%        N/A       93%         6
 Enfeeble                 Hex            15%        N/A       100%        7
 Malign Gateway           Summ/Tloc      15%        N/A       100%        7
 Discord                  Hex            15%        N/A       100%        8
 Summon Horrible Things   Summ           15%        N/A       100%        8
 Cigotuvi's Dreadful Rot  Necr/Alch/Air  Unusable   N/A       N/A         2
 Sublimation of Blood     Necr           Unusable   N/A       N/A         2

Dungeon Overview and Level Annotations

Branches:
Dungeon (15/15)            Temple (1/1) D:5            Lair (5/5) D:10
 Shoals (4/4) Lair:3        Snake (4/4) Lair:2        Slime (0/5) Lair:5
    Orc (2/2) D:12            Elf (2/3) Orc:2        Vaults (0/5) D:13
 Depths (4/4) D:15            Zot (0/5) Depths:4      Sewer (visited)
  IceCv (visited)

Altars:
Ashenzari
Cheibriados
Dithmenos
Elyvilon
Fedhas
Gozag
Hepliaklqana
Kikubaaqudgha
Makhleb
Nemelex Xobeh
Okawaru
Qazlal
Ru
Sif Muna
Trog
Uskayaw
Vehumet
Wu Jian
Xom
Yredelemnul
Zin
The Shining One
Jiyva

Shops:
D:2 *   D:8 *   D:12 (   D:15 :!=:*   Orc:2 *(=[   Elf:1 ?*   Shoals:1 *
Shoals:2 :   Snake:1 [*   Snake:4 **   Depths:1 [=?[?   Depths:3 ::

Portals:
Hell: Lair:5 Depths:1 Depths:2 Depths:3 Depths:4
Abyss: Depths:2 Depths:3 Depths:4
Pandemonium: Depths:2
Ziggurat: Depths:1

Annotations:
Depths:2 3 runed translucent doors, Ciogh's ghost, veteran GnWn
Depths:3 1 transporter


Innate Abilities, Weirdness & Mutations

You are immune to sickness and miasma.
Your stone body is resilient. (AC +16)
You are immune to poison.
Your large and strong wings let you fly.
You resist negative energy. (rN+)
You are resistant to electric shocks. (rElec)
You are resistant to unholy torment.
You are immune to petrification.
Your body sometimes deteriorates upon taking damage.


Message History

The black draconian knight is almost dead.
The black draconian knight is no longer moving slowly.
The black draconian knight breathes lightning at you.
The bolt of lightning hits you! You resist.
* * * LOW HITPOINT WARNING * * *
Casting: Stone Arrow (safe; 0% risk of failure)
Confirm with . or Enter, or press ? or * to list all spells.
Aiming: Stone Arrow (safe; 0% risk of failure)
Press: ? - help, Shift-Dir - straight line, f - black draconian knight
Aim: a black draconian knight, wielding a +1 long sword of protection and wearing a +0 cloak (almost dead, fast, catching its breath, 72% to hit)
The stone arrow misses the black draconian knight.
The black draconian knight hits you with a +1 long sword of protection!
* * * LOW HITPOINT WARNING * * *
Casting: Stone Arrow (safe; 0% risk of failure)
Confirm with . or Enter, or press ? or * to list all spells.
You don't have enough magic to cast this spell.
Okay, then.
Blink to where?
Press: ? - help, Dir - move target, p - black draconian knight
As you read the scroll of blinking, it crumbles to dust.
Unknown command.
The black draconian knight is no longer moving quickly.
The black draconian knight casts a spell.
The black draconian knight flickers and vanishes for a moment.
The black draconian knight breathes lightning at you.
The bolt of lightning hits you. You resist.
* * * LOW HITPOINT WARNING * * *
Casting: Stone Arrow (safe; 0% risk of failure)
Confirm with . or Enter, or press ? or * to list all spells.
You can't see any susceptible monsters within range! (Use Z to cast anyway.)
The black draconian knight gestures wildly while chanting.
The black draconian knight seems to speed up.
Casting: Stone Arrow (safe; 0% risk of failure)
Confirm with . or Enter, or press ? or * to list all spells.
Aiming: Freezing Cloud (mildly dangerous; 1% risk of failure)
Press: ? - help, Dir - move target The black draconian knight casts a spell at you.
The shard of ice hits you! You partially resist.
You die...
Your body crumbles into a pile of gold.

..######..##....#...#########....
..# ##...##..$.##...# #...#
..###..###..⌠..#....# #...#
..#...###......#....# ####...#
....###........#....# ##......#
..### *####....#....# ##..##...#
###,***,,,+##..#....# ##........#
#,,,*,,,,,,,#..#....###).####....
,,,**,,,,,,,##.#@§..q...#....#...
,,,*,....,,,,*,#..§§§..#......#..
⌠,,+,..^∩.,,,###.##§§..#...##..#.
,,,*,......,,#.#.##§§..#..∩..#...
,,,**......,##.#.###.#..##...#...
#,,,*......,#.$#.# #.)#.)....#..#
###,**#...'##..#.###...#....#..##
..### #####....#........####.....
....###........#.................


You could see a black draconian knight (fast, invisible).

Vanquished Creatures
  Vashnia (Snake:3)
  2 golden dragons
  Rupert (Lair:4)
  A hellephant (Depths:4)
  Mlioglotl (Shoals:3)
  An Ice Fiend (IceCv)
  Jorgrun (D:13)
  A tentacled monstrosity (Depths:2)
  4 liches (Depths:2)
  A quicksilver dragon (Depths:3)
  A titan (Depths:2)
  A sphinx (Depths:2)
  4 krakens (Shoals:3)
  2 tengu reavers (Depths:2)
  Donald (Shoals:4)
  6 nagarajas (Snake:4)
  8 frost giants
  4 fire giants
  A deep elf elementalist (Elf:1)
  2 deep elf sorcerers
  24 very ugly things
  8 stone giants
  3 vampire knights
  A deep elf annihilator (Elf:1)
  2 red draconians (Depths:4)
  A yellow draconian (Depths:4)
  A white draconian (Depths:4)
  3 spark wasps
  13 ettins
  4 merfolk javelineers
  9 merfolk impalers
  9 fire dragons
  4 salamander tyrants
  10 hydras
  2 caustic shrike simulacra (IceCv)
  15 ice dragons
  3 catoblepae
  2 rakshasas (Depths:2)
  4 spriggan air magi
  Erica (D:8)
  11 anacondas
  5 merfolk avatars
  An alligator snapping turtle (Shoals:2)
  2 alligators (Shoals:3)
  An anaconda (shapeshifter) (Depths:4)
  5 two-headed ogres
  5 merfolk aquamancers
  16 dancing weapons
  7 boulder beetles
  3 deep troll shamans
  6 death yaks
  7 deep troll earth magi
  4 satyrs (Shoals:4)
  3 tengu warriors
  2 vampire magi
  8 hell hogs (Depths:4)
  21 naga warriors
  Urug (Lair:4)
  23 naga sharpshooters
  5 shock serpents
  3 hell knights (Depths:4)
  A soul eater (Depths:2)
  4 occultists
  3 spriggan berserkers
  17 deep elf knights
  Amaemon (Lair:1)
  8 skysharks
  A sun demon (Lair:5)
  11 iron trolls
  A fire crab (shapeshifter) (D:13)
  3 skeletal warriors (D:15)
  7 salamander mystics
  13 deep trolls
  A deep troll (shapeshifter) (Depths:4)
  Lodul (D:11)
  3 arcanists
  2 glowing orange brains
  10 sea snakes
  13 mana vipers
  2 flayed ghosts (Depths:2)
  A bog body (IceCv)
  3 necromancers
  An obsidian statue (IceCv)
  8 spriggan simulacra (IceCv)
  11 deep elf archers
  8 naga ritualists
  32 deep elf pyromancers
  20 deep elf zephyrmancers
  24 harpies
  An orc sorcerer (Elf:2)
  31 salamanders
  2 oklob plants
  12 ugly things
  22 fauns
  10 manticores
  Joseph (D:8)
  11 cyclopes
  A meliai (shapeshifter) (Elf:2)
  9 water nymphs
  A meliai (D:12)
  15 naga magi
  6 elephants
  36 black mambas
  A guardian serpent (shapeshifter) (Depths:4)
  9 guardian serpents
  3 gargoyles
  2 kobold blastminers (Orc:2)
  8 merfolk sirens
  16 cane toads
  A smoke demon (Lair:5)
  3 orange demons
  3 rime drakes
  2 rime drakes (shapeshifter)
  An unseen horror (D:12)
  Jeremiah (D:8)
  A kobold demonologist (D:8)
  3 tengu conjurers
  3 freezing wraiths (IceCv)
  2 anaconda simulacra (IceCv)
  9 ice devils
  3 red devils (Lair:5)
  24 komodo dragons
  An unseen horror zombie (D:9)
  An efreet (D:15)
  A queen bee (Lair:1)
  2 alligator simulacra (IceCv)
  52 merfolk
  4 trolls
  3 hornets
  5 polar bears
  7 wind drakes
  3 dream sheep (Shoals:1)
  3 glass eyes (Depths:2)
  18 snapping turtles
  9 blink frogs
  17 slime creatures
  14 water elementals
  2 shadows
  An air elemental (Elf:2)
  Sigmund (D:3)
  10 wyverns
  3 spriggans
  A dire elephant simulacrum (IceCv)
  A vampire (D:11)
  A wraith (D:11)
  2 basilisks
  Eustachio (D:6)
  58 yaks
  3 wargs
  3 swamp worms (shapeshifter)
  Menkaure (D:4)
  7 minotaur simulacra (IceCv)
  14 vampire mosquitoes
  3 death yak simulacra (D:15)
  An acid dragon (D:11)
  4 hell hounds (Lair:5)
  39 nagas
  22 water moccasins
  Duvessa (D:6)
  3 hydra simulacra (D:15)
  2 ettin simulacra (IceCv)
  12 orc warriors
  2 ice beasts
  4 black bears
  An ice beast (shapeshifter) (D:15)
  2 sky beasts
  18 ogres
  4 laughing skulls
  2 boggarts (Elf:1)
  3 phantoms
  8 wolves
  6 centaurs
  2 kobold brigands
  2 brain worms (Sewer)
  A gnoll sergeant (D:10)
  2 scorpions
  13 bullfrogs
  2 earth elementals (Elf:1)
  7 deep troll simulacra (IceCv)
  12 wights
  Dowan (D:6)
  35 killer bees
  3 elephant simulacra (D:15)
  2 lindwurm simulacra (IceCv)
  3 electric eels
  A howler monkey (D:8)
  2 centaur zombies (D:9)
  2 hounds
  4 bombardier beetles
  9 orc priests
  2 sleepcaps
  3 gnoll boudas
  Terence (D:3)
  17 orc wizards
  3 iguanas
  10 hell rats
  2 howler monkey zombies (D:9)
  Robin (D:2)
  6 adders
  19 gnolls
  10 river rats
  2 white imps
  2 hell rat simulacra (D:15)
  3 ufetubi
  2 dart slugs
  3 ribbon worms
  77 orcs
  10 ball pythons
  7 bats
  11 endoplasms
  5 giant cockroaches
  9 goblins
  8 hobgoblins
  8 jackals
  6 quokkas
  10 frilled lizards
  16 kobolds
  9 rats
  5 tentacles (Shoals:3)
1521 creatures vanquished.

Vanquished Creatures (others)
  A deep elf knight (Elf:2)
  17 tentacles (Shoals:3)
18 creatures vanquished.

Grand Total: 1539 creatures vanquished

Notes
Turn   | Place    | Note
-------+----------+-------------------------------------------
     0 | D:1      | CougarLife the Gargoyle Earth Elementalist began the quest
                  | for the Orb.
     0 | D:1      | Reached XP level 1. HP: 10/10 MP: 3/3
    93 | D:1      | Found a faded altar of an unknown god.
   155 | D:1      | Reached XP level 2. HP: 8/15 MP: 3/5
   214 | D:1      | Reached skill level 4 in Earth Magic
   287 | D:1      | Reached XP level 3. HP: 19/19 MP: 3/6
   902 | D:2      | Reached XP level 4. HP: 24/24 MP: 3/8
  1153 | D:2      | Noticed Robin
  1170 | D:2      | Killed Robin
  1396 | D:2      | Found Recef's General Store.
  1875 | D:3      | Reached XP level 5. HP: 24/28 MP: 5/9
  1912 | D:3      | Found a glowing drain.
  1916 | Sewer    | Entered a sewer
  2005 | Sewer    | Reached skill level 5 in Earth Magic
  2341 | Sewer    | Reached XP level 6. HP: 26/32 MP: 6/11
  3012 | D:3      | Reached skill level 6 in Earth Magic
  3012 | D:3      | Reached XP level 7. HP: 36/36 MP: 5/13
  3078 | D:3      | Learned a level 3 spell: Stone Arrow
  3552 | D:3      | Noticed Terence
  3559 | D:3      | Killed Terence
  3679 | D:3      | Noticed Sigmund
  3710 | D:3      | Killed Sigmund
  3711 | D:3      | Reached skill level 5 in Conjurations
  4136 | D:4      | Found the +6 shillelagh "Devastator" {shatter}
  4151 | D:4      | Reached skill level 5 in Spellcasting
  4151 | D:4      | Reached skill level 7 in Earth Magic
  4151 | D:4      | Reached XP level 8. HP: 41/41 MP: 8/15
  4296 | D:4      | Found an iron altar of Okawaru.
  4693 | D:4      | Noticed Menkaure
  4699 | D:4      | Killed Menkaure
  4957 | D:4      | Found a sacrificial altar of Ru.
  5000 | D:4      | Found a shimmering blue altar of Sif Muna.
  5237 | D:5      | Entered Level 5 of the Dungeon
  5279 | D:5      | Found a basalt altar of Yredelemnul.
  5416 | D:5      | Learned a level 5 spell: Lee's Rapid Deconstruction
  5551 | D:5      | Reached skill level 8 in Earth Magic
  6014 | D:5      | Found a staircase to the Ecumenical Temple.
  6029 | D:5      | Reached XP level 9. HP: 43/45 MP: 14/18
  6038 | Temple   | Entered the Ecumenical Temple
  6441 | D:6      | Noticed Eustachio
  6448 | D:6      | Killed Eustachio
  6485 | D:6      | Reached skill level 9 in Earth Magic
  6543 | D:6      | Noticed Duvessa
  6598 | D:6      | Noticed Dowan
  6643 | D:6      | Killed Dowan
  7110 | D:6      | Killed Duvessa
  7294 | D:6      | Found a white marble altar of Elyvilon.
  7638 | D:6      | Found an opulent altar of Gozag.
  7833 | D:6      | Reached skill level 10 in Earth Magic
  8031 | D:6      | Reached XP level 10. HP: 50/50 MP: 19/21
  8612 | D:6      | Found a shadowy altar of Dithmenos.
  8612 | D:6      | Found a hazy altar of Hepliaklqana.
  8623 | D:6      | Became a worshipper of Gozag Ym Sagoz the Greedy
  9719 | D:8      | Found a broken altar of Ashenzari.
  9737 | D:8      | Noticed Jeremiah
  9747 | D:8      | Killed Jeremiah
  9912 | D:8      | Noticed a kobold demonologist
  9920 | D:8      | Noticed a rust devil
  9921 | D:8      | Killed a kobold demonologist
  9922 | D:8      | Reached skill level 11 in Earth Magic
 10408 | D:8      | Found Pihoiq's Assorted Antiques.
 10615 | D:8      | Noticed Joseph
 10620 | D:8      | Killed Joseph
 10621 | D:8      | Reached skill level 10 in Conjurations
 11056 | D:8      | Noticed Erica
 11064 | D:8      | Killed Erica
 11065 | D:8      | Reached XP level 11. HP: 54/54 MP: 2/24
 11290 | D:8      | Reached skill level 12 in Earth Magic
 11379 | D:8      | Noticed a two-headed ogre
 11381 | D:8      | Killed a two-headed ogre
 11433 | D:8      | Identified the +7 broad axe of Eternity {venom, Stlth+}
 11593 | D:8      | Noticed a deep elf pyromancer
 11597 | D:8      | Killed a deep elf pyromancer
 11806 | D:8      | Noticed a red ugly thing
 11814 | D:8      | Killed a red ugly thing
 11863 | D:8      | Noticed a deep elf pyromancer
 11865 | D:8      | Killed a deep elf pyromancer
 12393 | D:9      | Found a radiant altar of Vehumet.
 12426 | D:9      | Found a glowing silver altar of Zin.
 12671 | D:9      | Reached skill level 10 in Spellcasting
 12762 | D:9      | Noticed a two-headed ogre
 12843 | D:9      | Killed a two-headed ogre
 12844 | D:9      | Reached skill level 13 in Earth Magic
 13903 | D:9      | Reached XP level 12. HP: 59/59 MP: 19/26
 14136 | D:10     | Entered Level 10 of the Dungeon
 14190 | D:10     | Noticed a two-headed ogre
 14576 | D:10     | Found a staircase to the Lair.
 15069 | D:10     | Killed a two-headed ogre
 15479 | D:9      | Reached skill level 14 in Earth Magic
 16254 | D:11     | Noticed a boulder beetle
 16372 | D:11     | Noticed Lodul
 16401 | D:11     | Killed Lodul
 17599 | D:11     | Killed a boulder beetle
 17600 | D:11     | Reached skill level 1 in Air Magic
 17779 | D:11     | Identified the +8 plate armour of the Hippo {rPois rF+
                  | Str-2}
 18325 | Lair:1   | Entered Level 1 of the Lair of Beasts
 18334 | D:10     | Learned a level 5 spell: Freezing Cloud
 18512 | Lair:1   | Reached XP level 13. HP: 45/63 MP: 0/28
 18753 | Lair:1   | Noticed Amaemon
 18761 | Lair:1   | Killed Amaemon
 19285 | Lair:1   | Reached skill level 15 in Earth Magic
 20941 | Lair:2   | Found a staircase to the Snake Pit.
 20984 | Lair:2   | Reached skill level 5 in Air Magic
 21337 | Lair:2   | Reached skill level 1 in Fighting
 21645 | Lair:2   | Identified the +1 dagger of Xaad {flame, Fly rCorr Str+8
                  | Int-2}
 22483 | Lair:3   | Found a staircase to the Shoals.
 24078 | Lair:3   | Gained mutation: Your large and strong wings let you fly.
                  | [Gargoyle growth]
 24078 | Lair:3   | Reached XP level 14. HP: 75/75 MP: 27/30
 24600 | Lair:3   | Identified 2 scrolls of acquirement
 24858 | Lair:3   | Acquired the ring "Biczaowea" {rC+ Str-2 Dex+3}
 24863 | Lair:3   | Acquired the ring "Tecukham" {rF+ Str-4 SInv Stlth+}
 24913 | Lair:3   | Reached skill level 16 in Earth Magic
 25148 | Lair:4   | Noticed Rupert
 25516 | Lair:4   | Noticed Urug
 25526 | Lair:4   | Killed Urug
 26116 | Lair:4   | Reached skill level 5 in Fighting
 26401 | Lair:4   | Learned a level 5 spell: Irradiate
 26876 | Lair:4   | Paralysed by Rupert for 5 turns
 26884 | Lair:4   | Killed Rupert
 27222 | Lair:5   | Entered Level 5 of the Lair of Beasts
 28041 | Lair:5   | Reached skill level 15 in Conjurations
 29731 | Lair:5   | Reached skill level 17 in Earth Magic
 29901 | Lair:5   | Found a viscous altar of Jiyva.
 29901 | Lair:5   | Found a staircase to the Slime Pits.
 30002 | Lair:5   | Reached XP level 15. HP: 86/86 MP: 22/32
 30657 | Lair:5   | Found a burning altar of Makhleb.
 30830 | Lair:5   | Found a gateway to Hell.
 30838 | Lair:5   | Identified the +4 ring mail of Seyfokk {*Slow rCorr MP+9}
 31519 | D:12     | Found Rouluol's Weapon Shop.
 31520 | D:12     | Found a staircase to the Orcish Mines.
 31868 | D:12     | Identified the +1 helmet of Youthful Indiscretion {Will+
                  | Dex+4}
 32442 | Orc:1    | Entered Level 1 of the Orcish Mines
 33025 | Orc:2    | Entered Level 2 of the Orcish Mines
 33026 | Orc:2    | Found Neteriot's Antique Armour Shop.
 33145 | Orc:2    | Found a staircase to the Elven Halls.
 33317 | Orc:2    | Found Urur's Antique Weapon Boutique.
 33394 | Orc:2    | Found Ceusiezu's General Store.
 33435 | Orc:2    | Bought a potion of mutation for 120 gold pieces
 33737 | Orc:2    | Found Watale's Jewellery Shoppe.
 34671 | D:13     | Found a gate to the Vaults.
 34684 | D:13     | Noticed Jorgrun
 34689 | D:13     | Killed Jorgrun
 35149 | D:13     | Found a glowing golden altar of the Shining One.
 35636 | D:13     | Reached skill level 18 in Earth Magic
 36663 | D:14     | Reached XP level 16. HP: 96/96 MP: 20/34
 37362 | D:15     | Entered Level 15 of the Dungeon
 37670 | Orc:2    | Bought a runed leather armour for 160 gold pieces
 37670 | Orc:2    | Bought a runed leather armour for 160 gold pieces
 37670 | Orc:2    | Bought a pair of embroidered gloves for 240 gold pieces
 37799 | D:15     | Found a staircase to the Depths.
 38127 | D:15     | Found a shimmering blue altar of Sif Muna.
 38491 | D:15     | Reached skill level 10 in Fighting
 39063 | D:15     | Learned a level 8 spell: Lehudib's Crystal Spear
 39242 | Snake:1  | Entered Level 1 of the Snake Pit
 39519 | Snake:1  | Found Qisaugiv's Assorted Antiques.
 39523 | Snake:1  | Bought a scroll of fog for 92 gold pieces
 39523 | Snake:1  | Bought a scroll of teleportation for 69 gold pieces
 39523 | Snake:1  | Bought a scroll of blinking for 172 gold pieces
 39523 | Snake:1  | Bought a scroll of identify for 46 gold pieces
 39525 | Snake:1  | Found Afanihem's Armour Emporium.
 41394 | Snake:2  | Reached skill level 19 in Earth Magic
 41563 | Snake:2  | Reached skill level 15 in Spellcasting
 41822 | Snake:2  | Reached XP level 17. HP: 104/104 MP: 26/36
 43119 | Snake:3  | Gained mutation: Your body sometimes deteriorates upon
                  | taking damage. [mutagenic glow]
 43375 | Snake:3  | Noticed Vashnia
 43869 | Snake:3  | Killed Vashnia
 44911 | Snake:4  | Entered Level 4 of the Snake Pit
 44975 | Snake:4  | Found Mitsi's General Store.
 45101 | Snake:4  | Found Rihois's Specific Store.
 45111 | Snake:4  | Bought a scroll of revelation for 120 gold pieces
 45111 | Snake:4  | Bought a potion of enlightenment for 80 gold pieces
 45111 | Snake:4  | Bought a potion of heal wounds for 80 gold pieces
 46205 | Snake:4  | Got the Opusculum on Tragic Heat
 46428 | Snake:4  | Reached skill level 20 in Earth Magic
 47403 | Snake:4  | Reached XP level 18. HP: 113/113 MP: 21/37
 48492 | Snake:4  | Found an iron altar of Okawaru.
 48687 | Snake:4  | Got a serpentine rune of Zot
 49284 | Shoals:1 | Entered Level 1 of the Shoals
 49990 | Shoals:1 | Reached skill level 1 in Fire Magic
 50174 | Shoals:1 | Found Coarut's CLEARANCE SALE!.
 52413 | Shoals:2 | Found Humpogue's Book Shoppe.
 52659 | Shoals:2 | Bought an Everburning Encyclopedia for 608 gold pieces
 53150 | Shoals:3 | Found a glacial archway.
 53159 | IceCv    | Entered an ice cave
 53190 | IceCv    | Reached skill level 5 in Fire Magic
 53531 | IceCv    | Reached XP level 19. HP: 121/121 MP: 33/39
 53825 | IceCv    | Noticed an Ice Fiend
 53838 | IceCv    | Killed an Ice Fiend
 57818 | Shoals:4 | Entered Level 4 of the Shoals
 57818 | Shoals:4 | Noticed Donald
 57897 | Shoals:4 | Noticed Mlioglotl
 57905 | Shoals:3 | Killed Mlioglotl
 58220 | Shoals:4 | Reached skill level 15 in Fighting
 58306 | Shoals:4 | Killed Donald
 59613 | Shoals:4 | Reached skill level 10 in Fire Magic
 59796 | Shoals:4 | Got a barnacled rune of Zot
 60417 | Elf:1    | Entered Level 1 of the Elven Halls
 60429 | Elf:1    | Reached XP level 20. HP: 125/130 MP: 13/41
 61064 | Elf:1    | Found Xemaz's General Store.
 61076 | Elf:1    | Bought a scroll of fear for 60 gold pieces
 61076 | Elf:1    | Bought a scroll of identify for 30 gold pieces
 61665 | Elf:1    | Found a shimmering blue altar of Sif Muna.
 61958 | Elf:1    | Found Byrchehyw's Magic Scroll Emporium.
 61966 | Elf:1    | Bought a scroll of enchant armour for 82 gold pieces
 61966 | Elf:1    | Bought a scroll of amnesia for 44 gold pieces
 61966 | Elf:1    | Bought a scroll of teleportation for 33 gold pieces
 61966 | Elf:1    | Bought a scroll of enchant armour for 82 gold pieces
 61966 | Elf:1    | Bought a scroll of blinking for 82 gold pieces
 62197 | Elf:2    | Paralysed by an air elemental for 1 turns
 63142 | Elf:2    | Found a huge runed translucent gate.
 63142 | Elf:2    | Found a huge runed translucent gate.
 63142 | Elf:2    | Found a huge runed translucent gate.
 63144 | Elf:2    | Found a huge runed translucent gate.
 63144 | Elf:2    | Found a huge runed translucent gate.
 64280 | Depths:1 | Entered Level 1 of the Depths
 64309 | D:15     | Bought a potion of haste for 180 gold pieces
 64309 | D:15     | Bought a potion of haste for 180 gold pieces
 64309 | D:15     | Bought a potion of heal wounds for 90 gold pieces
 64309 | D:15     | Bought a potion of cancellation for 144 gold pieces
 64309 | D:15     | Bought a potion of brilliance for 72 gold pieces
 64313 | D:15     | Bought a scroll of teleportation for 102 gold pieces
 64313 | D:15     | Bought a scroll of fear for 136 gold pieces
 64321 | D:15     | Bought the ring of the Omega Point {Int+6 Dex+2 SInv} for
                  | 873 gold pieces
 64518 | Depths:1 | Found Cuagi Niwo's Jewellery Boutique.
 64522 | Depths:1 | Found Luczasim's Armour Boutique.
 64523 | Depths:1 | Found Hoac's Armour Boutique.
 64524 | Depths:1 | Found Suklept's Magic Scroll Boutique.
 64535 | Depths:1 | Bought a scroll of teleportation for 51 gold pieces
 64535 | Depths:1 | Bought a scroll of blinking for 127 gold pieces
 64664 | Depths:1 | Found a one-way gateway to a ziggurat.
 65142 | Depths:1 | Found Deituvul's Magic Scroll Shop.
 65150 | Depths:1 | Bought a scroll of teleportation for 51 gold pieces
 65150 | Depths:1 | Bought a scroll of blinking for 127 gold pieces
 65150 | Depths:1 | Bought a scroll of blinking for 127 gold pieces
 65150 | Depths:1 | Bought a scroll of teleportation for 51 gold pieces
 65947 | Depths:1 | Found a stormy altar of Qazlal.
 66415 | Depths:2 | Reached XP level 21. HP: 106/137 MP: 30/43
 67385 | Depths:2 | Found a one-way gate to the infinite horrors of the Abyss.
 67798 | Depths:2 | Noticed a golden dragon
 67812 | Depths:2 | Killed a golden dragon
 69395 | Depths:2 | Identified the +9 rapier "Kaolyode" {pain, Int+2}
 70171 | Depths:2 | Reached skill level 15 in Fire Magic
 70308 | Depths:2 | You are sucked into a shaft and drop 2 floors!
 70308 | Depths:4 | Entered Level 4 of the Depths
 70482 | Depths:4 | Found a stormy altar of Qazlal.
 70879 | Depths:2 | Found a runed translucent gate.
 70879 | Depths:2 | Found a runed translucent gate.
 70906 | Depths:2 | Found a runed translucent gate.
 70906 | Depths:2 | Found a viscous altar of Jiyva.
 70906 | Depths:2 | Noticed Ciogh's ghost (veteran GnWn)
 71124 | Depths:2 | Found a one-way gate leading to the halls of Pandemonium.
 71860 | Depths:3 | Found a transporter.
 72541 | Depths:3 | Found a sparkling altar of Nemelex Xobeh.
 72708 | Depths:3 | Noticed a juggernaut
 72710 | Depths:3 | Found the +8 mithril axe "Arga" {speed, Will+}
 72711 | Depths:3 | Found a bloodstained altar of Trog.
 72711 | Depths:3 | Found the necklace of Bloodlust {Fury *Rage Will++ Int-3
                  | Slay+6}
 72968 | Depths:3 | Reached XP level 22. HP: 124/146 MP: 31/44
 73224 | Depths:3 | Acquired 855 gold pieces
 73458 | Depths:3 | Bought Kadaat Sidgh's Octavo of Talus and Locality for 672
                  | gold pieces
 73554 | Depths:4 | Reached skill level 21 in Earth Magic
 74801 | Depths:4 | Found a sacrificial altar of Ru.
 75049 | Depths:4 | Noticed a golden dragon
 75051 | Depths:4 | Found a gate to the Realm of Zot.
 75385 | Depths:4 | Killed a golden dragon
 75484 | Depths:4 | Killed from afar by a black draconian knight

Illustrated notes

Levels and vault maps discovered:
D:1:      dpeg_arrival_snail, layout_basic, hellmonk_ecumenical_altar_crossroads
D:2:      layout_rooms, serial_aquarium, aquarium_bridge_straight
          [aquarium_subvault_bridge, aquarium_subvault_window,
          aquarium_subvault_bridge, aquarium_subvault_balcony],
          aquarium_window_corridor_2, aquarium_window_1, aquarium_window_1,
          aquarium_view_2d, aquarium_pool_four, serial_shops, shop, uniq_robin
D:3:      layout_loops_ring, gup_sewer_entry_spiral, uniq_terence, uniq_sigmund
D:4:      layout_loops_ring, mainiacjoe_overflow_paths,
          mainiacjoe_overflow_two_lobes, chequers_serial_rivers_large_a,
          dilly_guarded_unrand_devastator, uniq_menkaure
D:5:      black_bear_nest_1, layout_basic, yredelemnul_altar_generic,
          minmay_temple_entry_glassed_door, minmay_gold_behind_fungi,
          serial_bayou_pond_c
D:6:      layout_rooms, nicolae_overflow_hidden_temple, elyvilon_altar_5,
          minmay_pentangle, uniq_duvessa, uniq_eustachio
D:7:      layout_loops_ring, the_hattery
D:8:      minmay_the_grid_square_5x5_3x3 [minmay_the_grid_square_5x5_seven,
          minmay_the_grid_square_5x5_checkered_sparse,
          minmay_the_grid_square_5x5_eight_small,
          minmay_the_grid_square_5x5_two,
          minmay_the_grid_square_5x5_megaprize_diamond,
          minmay_the_grid_square_5x5_forky, minmay_the_grid_square_5x5_percent,
          minmay_the_grid_square_5x5_inner_v,
          minmay_the_grid_square_5x5_n_small], layout_rooms,
          cheibrodos_ashenzari_chains, serial_shops, shop, uniq_jeremiah,
          uniq_erica, uniq_joseph
D:9:      layout_basic, nicolae_vehumet_altar_sigil,
          mainiacjoe_overflow_small_starburst, serial_undead, serial_undead_e,
          serial_undead_e, serial_undead_d, serial_undead_d,
          chequers_serial_rivers_micro_d
D:10:     layout_cross, due_lair_maze_entry_diamond, serial_park,
          serial_park_tiny_2, serial_park_tiny_2, serial_park_fountain,
          serial_park_tiny_1
D:11:     layout_rooms, uniq_lodul
D:12:     layout_loops_ring, orc_david_3, small_chamber_with_monster
D:13:     layout_layer_cave, david_vaults_2, nicolae_tso_carved_into_rock,
          uniq_jorgrun
D:14:     layout_basic, chequers_serial_rivers_room_a, grunt_ministairs_2
D:15:     grunt_enter_depths_giant_problem, layout_loops_corners,
          nicolae_sif_muna_condensation, nrook_mini_backslash,
          eino_house_with_fridge
Temple:   nicolae_temple_bog_church
Lair:1:   layout_roguey [special_room_bee], pond, grunt_megastairs_5,
          uniq_amaemon
Lair:2:   layout_regular_city, dummy_snake_entry, nicolae_lair_lil_pond,
          st_stairs_6, chequers_serial_rivers_micro_b, minmay_lair_oklob_items
Lair:3:   layout_regular_city, minmay_shoals_entry_beasts, grunt_megastairs_3,
          serial_bayou_shore_a
Lair:4:   layout_long_grid, beast_lair_carwin_7, uniq_rupert, uniq_urug
Lair:5:   evil_forest, layout_loops_ring, dpeg_slime_entry_enclosed
Shoals:1: layout_shoals, nicolae_shop_clearance
Shoals:2: layout_shoals, serial_shops, shop
Shoals:3: nicolae_shoals_lighthouse, layout_shoals,
          portal_ice_cave_entry_pillars_three, nicolae_shoals_goliath_grotto
Shoals:4: shoals_end_grunt_garden, layout_shoals, uniq_donald, uniq_mlioglotl
Snake:1:  layout_cave_pods, minmay_shoptagon, serial_bayou_shore_b
Snake:2:  layout_onion
Snake:3:  layout_onion_interference, uniq_vashnia
Snake:4:  grunt_snake_rune_serpentine_throne, layout_layer_cave,
          nicolae_specific_store, serial_library_hellmonk_semicircle
Orc:1:    layout_caves, lightli_orcish_oven
Orc:2:    grunt_orc_gardens, layout_caves, grunt_orc_garden, grunt_orc_garden,
          grunt_orc_garden, grunt_orc_garden, mines3_lemuel
Elf:1:    minmay_elf_arrival_circle, layout_loops_corners, serial_shops,
          nicolae_lakefront_shop, basic_altar, hangedman_elf_disciples,
          minmay_shop_star
Elf:2:    elven_hall_of_blades_hangedman_alternative
          [nicolae_blade_entry_area_security], layout_rooms
Depths:1: layout_basic, enter_ziggurat_a, grunt_hell_entry_dis_mu,
          minmay_misc_feat_square, serial_shops, shop, nicolae_benzene_ring,
          minmay_shop_grid_forest, grunt_qazlal_clouds
Depths:2: minmay_tile_spiral, layout_cave_pools, serial_bayou_pond_e,
          rand_demon_pan_entry_1, abyss_entry, gammafunk_ghost_ooze,
          pf_hell_entry_tar_spiral, firewood_loft, infiniplex_staircase_diamond
Depths:3: emtedronai_trogs_sanctum, layout_basic, lemuel_round_altar,
          abyss_entry, pf_coc_iceberg
Depths:4: grunt_zot_entry_tricorne, layout_small_grid,
          nicolae_abyss_entry_one_way_or_another, lemuel_tele_altar,
          grunt_hell_horde, nicolae_ru_awakened_eye

Skill      XL: |  1  2  3  4  5  6  7  8  9 10 11 12 13 14 15 16 17 18 19 20 21 22 |
---------------+-------------------------------------------------------------------+-----
Earth Magic    | 4 5 6 7 8 10 11 13 14 15 17 18 19 20 21 | 21.4
Conjurations   | 2 3 4 5 7 8 10 11 13 14 15 16 17 18 19 | 19.1
Spellcasting   | 3 4 5 6 7 9 10 11 12 13 14 15 16 17 18 19 | 19.1
Air Magic      | 2 5 |  5.1
Fighting       | 3 7 9 11 12 14 15 16 17 18 | 18.3
Fire Magic     | 5 10 13 15 16 | 16.3
Dodging        | |  1.5
Stealth        | |  2.1

Action                     |  1- 3 |  4- 6 |  7- 9 | 10-12 | 13-15 | 16-18 | 19-21 | 22-24 || total
---------------------------+-------+-------+-------+-------+-------+-------+-------+-------++-------
  Melee: Dagger            |    11 |    32 |     1 |       |       |       |       |       ||    44
         Shillelagh        |       |       |    41 |    87 |    48 |    15 |    20 |     6 ||   217
   Cast: Sandblast         |    38 |    88 |   101 |    55 |   141 |    71 |    44 |     1 ||   539
         Stone Arrow       |       |       |    28 |   143 |   210 |   234 |   175 |    20 ||   810
         Lee's Rapid Decon |       |       |    20 |   130 |   108 |   219 |   202 |    18 ||   697
         Freezing Cloud    |       |       |       |       |   155 |   210 |   144 |    24 ||   533
         Irradiate         |       |       |       |       |    18 |     9 |    10 |       ||    37
         Lehudib's Crystal |       |       |       |       |       |    52 |   245 |    53 ||   350
 Invoke: Potion Petition   |       |       |       |     1 |     2 |       |       |       ||     3
         Call Merchant     |       |       |       |       |       |       |     5 |     2 ||     7
  Evoke: Wand              |       |       |       |       |       |       |     1 |       ||     1
    Use: Potion            |       |       |     1 |     6 |     1 |       |     6 |       ||    14
         Scroll            |       |       |       |     9 |    10 |    14 |     9 |     2 ||    44
   Stab: Invisible         |       |       |       |     1 |     1 |       |       |       ||     2
 Armour: Robe              |    21 |    46 |    75 |   186 |   260 |     1 |       |       ||   589
         Leather armour    |       |       |       |       |       |   534 |   696 |    59 ||  1289
  Dodge: Dodged            |    20 |    41 |    52 |   187 |   133 |   217 |   262 |    14 ||   926

Table legend: (Time is in decaauts)
 A = Elapsed time spent in this place.
 B = Non-inter-level travel time spent in this place.
 C = Inter-level travel time spent in this place.
 D = Time resting spent in this place.
 E = Time spent auto-exploring this place.
 F = Levels seen in this place.
 G = Mean time per level.
                   A        B        C        D        E       F      G
               +--------+--------+--------+--------+--------+-----+--------+
         Total |  76159 |  73653 |   2506 |  33803 |  16380 |  39 | 1952.8 |
       Dungeon |  23529 |  22218 |   1311 |   9385 |   7076 |  15 | 1568.6 |
        Temple |      1 |      1 |      0 |      0 |      0 |   1 |    1.0 |
          Lair |  13186 |  12584 |    602 |   6686 |   2426 |   5 | 2637.2 |
        Shoals |   9805 |   9673 |    132 |   4883 |   1567 |   4 | 2451.2 |
     Snake Pit |  10037 |   9897 |    140 |   4559 |   1659 |   4 | 2509.2 |
  Orcish Mines |   2459 |   2322 |    137 |    862 |    779 |   2 | 1229.5 |
   Elven Halls |   3596 |   3464 |    132 |   1137 |    913 |   2 | 1798.0 |
        Depths |  11154 |  11104 |     50 |   5695 |   1052 |   4 | 2788.5 |
         Sewer |   1175 |   1175 |      0 |    206 |    702 |   1 | 1175.0 |
      Ice Cave |   1212 |   1212 |      0 |    390 |    205 |   1 | 1212.0 |
               +--------+--------+--------+--------+--------+-----+--------+

Top non-repeatable levels by time:
Depths:2: 4369 daAuts
 Snake:4: 3803 daAuts
  Lair:2: 3309 daAuts
  Lair:4: 3234 daAuts
Shoals:3: 3229 daAuts
     D:8: 3075 daAuts
  Lair:5: 2708 daAuts
 Snake:2: 2698 daAuts
Depths:3: 2590 daAuts
    D:10: 2458 daAuts
Shoals:2: 2413 daAuts
     D:9: 2316 daAuts
Depths:4: 2240 daAuts
  Lair:1: 2105 daAuts
Shoals:1: 2105 daAuts
